 Dungeon Crawl Stone Soup version 0.18.1-8-gdd0e5ea (webtiles) character file.

194545 crab the Maledictor (level 17, -2/137 HPs)
             Began as a Vampire Enchanter on May 31, 2016.
             Was a High Priest of Dithmenos.
             Slain by a dire flail of holy wrath (19 damage)
             ... on level 2 of the Elven Halls on June 2, 2016.
             The game lasted 04:19:15 (71772 turns).

crab the Maledictor (Vampire Enchanter)            Turns: 71772, Time: 04:19:16

Health: -2/137     AC: 29    Str: 12    XL:     17   Next: 68%
Magic:  6/23       EV: 17    Int: 22    God:    Dithmenos [*****.]
Gold:   2751       SH:  6    Dex: 17    Spells: 5 memorised, 10 levels left

rFire  + + .     SeeInvis +     a - +4 rapier (elec)
rCold  + . .     Gourm    .     G - +7 fire dragon armour
rNeg   + + +     Faith    .     I - +0 buckler
rPois  +         Spirit   .     T - +0 helmet
rElec  .         Dismiss  .     r - +2 cloak
rCorr  .         Reflect  .     A - +0 pair of gloves
SustAt .         Harm     .     z - +0 pair of boots
MR     +....                    (no amulet)
Stlth  ++++++++++               M - +4 ring of protection
                                w - +5 ring of strength

@: very slightly contaminated, regenerating slowly, wreathed by umbra, somewhat
resistant to hostile enchantments, uncannily stealthy
A: fangs 3, see invisible, unbreathing
a: Bat Form, Shadow Step, Shadow Form, Renounce Religion
}: 1/15 runes: decaying


You were on level 2 of the Elven Halls.
You worshipped Dithmenos.
Dithmenos was extremely pleased with you.
You were near bloodless.

You visited 6 branches of the dungeon, and saw 30 of its levels.
You also visited: Labyrinth, Sewer and Ice Cave.

You collected 3156 gold pieces.
You spent 405 gold pieces at shops.

Inventory:

Hand Weapons
 a - a +4 rapier of electrocution (weapon)
 b - a +4 dagger
 h - a +6 dagger
Armour
 j - a +0 helmet
 r - a +2 cloak (worn)
 z - a +0 pair of boots (worn)
 A - a +0 pair of gloves (worn)
 G - a +7 fire dragon armour (worn)
 I - a +0 buckler (worn)
 T - a +0 helmet (worn)
Jewellery
 w - a +5 ring of strength (left hand)
 E - an uncursed ring of resist corrosion
 M - a +4 ring of protection (right hand)
Wands
 s - a wand of teleportation (0/9)
 t - a wand of teleportation (3/9)
 C - a wand of lightning (7/15)
Scrolls
 e - 2 scrolls of identify
 g - a scroll of silence
 k - a scroll of vulnerability
 u - 14 scrolls of teleportation
 B - a scroll of blinking
 P - a scroll of fear
 R - a scroll of summoning
 S - 2 scrolls of fog
 U - a scroll of acquirement
 Z - 4 scrolls of magic mapping
Potions
 c - 2 potions of invisibility
 d - 3 potions of blood
 f - 2 potions of brilliance
 i - 6 potions of curing
 l - 3 potions of agility
 n - a potion of heal wounds
 o - 3 potions of resistance
 p - a potion of magic
 q - 3 potions of ambrosia
 x - 9 potions of haste
 F - a potion of flight
 H - a potion of cancellation
 K - 3 potions of might
 W - 2 potions of cure mutation
Books
 v - a book of Annihilations

   Spells                             Type                      Level
   a - Poison Arrow                   Conjuration/Poison           6
   b - Chain Lightning                Conjuration/Air              8
   c - Lehudib's Crystal Spear        Conjuration/Earth            8
   d - Glaciate                       Conjuration/Ice              9
   e - Fire Storm                     Conjuration/Fire             9
 X - a book of Fire

   Spells                             Type                      Level
   a - Ignite Poison                  Fire/Transmutation/Poison    3
   b - Fireball                       Conjuration/Fire             5
   c - Bolt of Fire                   Conjuration/Fire             6
   d - Delayed Fireball               Conjuration/Fire             7
   e - Ring of Flames                 Charms/Fire                  7
   Dithmenos disapproves of the use of such an item.
Miscellaneous
 m - a legendary deck of changes {the Helm}
 J - a plain deck of changes {the Alchemist}
 L - a stone of tremors
 O - a stone of tremors
 Q - a stone of tremors


   Skills:
 + Level 13.3 Fighting
 - Level 9.0 Short Blades
 + Level 7.9 Armour
 + Level 15.9 Dodging
 + Level 15.7 Stealth
 - Level 5.0 Shields
 - Level 4.0 Spellcasting
 - Level 21.0 Hexes
 - Level 5.0 Summonings
 - Level 7.0 Ice Magic
 - Level 4.0 Evocations


You had 10 spell levels left.
You knew the following spells:

 Your Spells              Type           Power        Failure   Level  Hunger
a - Corona                Hex            #######      0%          1    None
b - Ensorcelled Hibernat  Hex/Ice        ######       1%          2    #......
c - Confuse               Hex            #######.     1%          3    ###....
d - Tukima's Dance        Hex            #######.     1%          3    ###....
e - Summon Mana Viper     Hex/Summ       ######..     10%         5    ######.


Dungeon Overview and Level Annotations

Branches:
Dungeon (12/15)            Temple (1/1) D:7            Lair (8/8) D:9
  Swamp (4/4) Lair:5        Snake (0/4) Lair:3        Slime (0/6) Lair:6
    Orc (2/2) D:10            Elf (3/3) Orc:2

Altars:
Ashenzari
Cheibriados
Dithmenos
Elyvilon
Fedhas
Gozag
Kikubaaqudgha
Makhleb
Nemelex Xobeh
Okawaru
Pakellas
Qazlal
Ru
Sif Muna
Trog
Vehumet
Xom
Yredelemnul
Zin
The Shining One
Beogh
Jiyva

Shops:
D:5 }   D:11 }[   Orc:2 [*(:   Elf:1 :   Elf:2 [

Annotations:
D:7 Joseph
Swamp:4 Lernaean hydra


Innate Abilities, Weirdness & Mutations

You heal slowly.
You have razor-sharp teeth.
You have supernaturally acute eyesight.
You can survive without breathing.


Message History

Your mana viper completely misses the flail of crushing.
Your mana viper barely misses the dire flail of holy wrath.
The flail of crushing hits you but does no damage.
There is an open door here.
Your mana viper bites the flail of crushing.
The dire flail of holy wrath hits you but does no damage.
You see here an arrow.
Drink which item? (? for menu, Esc to quit)
Okay, then.
The dire flail of holy wrath hits you!
* * * LOW HITPOINT WARNING * * *
You convulse!
* * * LOW HITPOINT WARNING * * *
Drink which item? (? for menu, Esc to quit)
You feel much better.
Your mana viper bites the dire flail of holy wrath but does no damage.
The dire flail of holy wrath hits you!
* * * LOW HITPOINT WARNING * * *
You convulse!!
You die...

..###...#####.##..(.(#.(<##.# #
.))..(....)....(...()..(..#.#####
())(...().......(...(............
..##.....#######.[..##...(....###
..##.....).....)..).........(.###
.###..)...........#.###.###(##.##
..##...........)..#..##.# #####.#
...#.).####'####).#.[##.# ##.
....#..#[...(..#@(#...#.# #.
..##...#.).....#((#..##.# #.
.####..#.......#S.#.#.#.# #(
.......'.......'S.......# #.
.####..#.......#..#.###.## #. .#
#..#....(.(#..#.# #..## ## .#
#..#....)..#..#.# #.#.## # .##
#..###[..###..#.###.##.##
#.###....#)((#....#..#.∩###.##


You could see a dire flail of holy wrath and 2 friendly mana vipers.

Vanquished Creatures
  Kirke (Lair:5)
  2 thorn hunters
  A deep elf sorcerer (Elf:1)
  2 orc warlords
  Snorg (Orc:1)
  The ghost of Quirk the Fighter, a journeyman MiFi of Okawaru (D:10)
  A deep elf death mage (Elf:2)
  2 fire dragons (Lair:8)
  Josephine (Lair:6)
  An entropy weaver (shapeshifter) (Elf:2)
  22 hydras
  A ghost crab (Swamp:2)
  6 dancing weapons
  12 alligators
  5 death yaks (Lair:7)
  4 orc high priests
  7 deep elf knights
  10 swamp dragons
  An unseen horror (D:10)
  A spriggan druid (Swamp:4)
  2 lindwurms (Lair:8)
  Pikel (D:7)
  12 deep elf archers
  A hill giant (D:10)
  12 orc knights
  A necromancer (IceCv)
  3 ugly things (D:12)
  2 oklob plants (Lair:7)
  5 griffons
  45 deep elf magi
  5 orc sorcerers
  3 cyclopes
  A manticore (D:11)
  A salamander (shapeshifter) (Elf:2)
  An ice statue (IceCv)
  5 black mambas
  6 torpor snails
  11 elephants
  A molten gargoyle (Orc:2)
  20 spiny frogs
  5 komodo dragons
  2 rime drakes
  4 ice devils (IceCv)
  4 trolls (Orc:1)
  2 polar bears
  24 blink frogs
  A boulder beetle (Lair:6)
  A two-headed ogre (D:12)
  11 giant leeches
  The ghost of endtime the Sneak, an amateur HuAs (D:4)
  4 bog bodies
  5 slime creatures (Swamp:4)
  Sigmund (Lair:6)
  3 air elementals
  5 basilisks
  6 wraiths
  A shadow (Swamp:2)
  4 hogs (Lair:5)
  5 spriggans
  3 fire elementals
  A hog (shapeshifter) (Elf:3)
  3 wyverns
  66 yaks
  10 hippogriffs
  2 hungry ghosts
  7 humans (Lair:6)
  7 vampire mosquitoes
  A steam dragon (Lair:8)
  Menkaure (D:7)
  4 nagas (Lair:3)
  8 wargs (Orc:2)
  A soldier ant (D:12)
  27 swamp worms
  14 water moccasins
  13 porcupines
  A black bear (D:6)
  23 swamp drakes
  3 sky beasts
  A slave (D:7)
  29 orc warriors
  4 phantoms
  5 ice beasts
  10 wasps
  8 ogres
  22 wolves
  A necrophage (D:9)
  3 centaurs
  15 crocodiles
  2 big kobolds
  23 giant frogs
  2 earth elementals
  2 scorpions
  6 wights
  14 killer bees
  3 electric eels (Lair:5)
  4 howler monkeys
  4 crimson imps
  A centaur zombie (D:5)
  4 draconian simulacra (IceCv)
  6 hounds
  2 jellies
  2 centaur skeletons
  3 gnoll shamans (D:5)
  23 orc priests
  17 iguanas
  9 worker ants
  6 hell rats
  22 orc wizards
  2 troll simulacra (IceCv)
  12 sheep
  A centaur simulacrum (IceCv)
  3 howler monkey skeletons
  25 gnolls
  7 adders
  3 ogre simulacra (IceCv)
  70 river rats
  A shadow imp (D:9)
  An ooze (D:7)
  2 adder skeletons
  An adder zombie (D:6)
  22 worms
  A dart slug (D:1)
  2 giant geckos
  73 orcs
  10 ball pythons
  4 giant cockroaches
  9 goblins
  A hobgoblin (D:2)
  32 jackals
  22 kobolds
  2 quokkas
  6 bats
  7 giant newts
  2 jackal zombies
  32 rats
  A briar patch (Swamp:4)
  2 plants (Lair:8)
1113 creatures vanquished.

Vanquished Creatures (collateral kills)
  Nikola (Swamp:4)
  Rupert (Lair:7)
  3 thorn hunters
  Agnes (Elf:1)
  3 deep elf sorcerers
  A deep elf elementalist (Elf:1)
  An ettin (Orc:1)
  A deep elf death mage (Elf:1)
  A minotaur (Lab)
  2 alligators (Swamp:4)
  14 dancing weapons
  13 deep elf knights
  A swamp dragon (Swamp:4)
  3 deep elf archers
  2 orc knights
  11 deep elf magi
  3 oklob plants (Lair:7)
  Psyche (D:12)
  An ice statue (IceCv)
  6 ice devils (IceCv)
  A two-headed ogre (D:10)
  A bog body (Swamp:2)
  A spriggan (Swamp:1)
  5 insubstantial wisps (Swamp:1)
  2 swamp worms
  2 wasps (Swamp:1)
  14 orc warriors
  A swamp drake (Swamp:4)
  4 ogres
  A gnoll sergeant (D:5)
  2 earth elementals
  2 wights (D:8)
  A quasit (D:10)
  3 orc priests
  5 orc wizards
  2 gnoll shamans (D:5)
  A gnoll (D:5)
  20 orcs
  2 kobolds (D:12)
  A plant (Lair:7)
141 creatures vanquished.

Vanquished Creatures (others)
  A deep elf knight (Elf:1)
  15 dancing weapons
  3 humans (Lair:5)
  A basilisk (Lair:8)
  A wasp (Swamp:1)
  An orc wizard (Orc:2)
  A briar patch (Swamp:4)
  2 bushes
  14 fungi
  21 plants
60 creatures vanquished.

Grand Total: 1314 creatures vanquished

Notes
Turn   | Place    | Note
--------------------------------------------------------------
     0 | D:1      | crab the Vampire Enchanter began the quest for the Orb.
     0 | D:1      | Reached XP level 1. HP: 13/13 MP: 3/3
   214 | D:1      | Reached XP level 2. HP: 19/19 MP: 5/5
   710 | D:2      | Learned a level 2 spell: Ensorcelled Hibernation
   756 | D:2      | Reached skill level 5 in Hexes
   847 | D:2      | Reached skill level 1 in Armour
  1116 | D:2      | Reached XP level 3. HP: 24/24 MP: 6/6
  1646 | D:4      | Noticed endtime's ghost (amateur HuAs)
  1691 | D:3      | Learned a level 3 spell: Confuse
  2716 | D:4      | Reached XP level 4. HP: 30/30 MP: 1/7
  2872 | D:4      | Found a shimmering altar of Xom.
  3162 | D:4      | Killed endtime's ghost
  3162 | D:4      | Reached skill level 5 in Stealth
  3162 | D:4      | Reached skill level 6 in Hexes
  3162 | D:4      | Reached skill level 1 in Ice Magic
  3162 | D:4      | Reached XP level 5. HP: 25/35 MP: 5/8
  3162 | D:4      | Reached XP level 6. HP: 29/41 MP: 5/9
  4470 | D:5      | Entered Level 5 of the Dungeon
  4494 | D:5      | Reached skill level 7 in Hexes
  4495 | D:5      | Found Ceriys's Gadget Boutique.
  5030 | D:5      | Noticed an orc warrior
  5357 | D:6      | Found a glowing drain.
  5365 | Sewer    | Entered a sewer
  5456 | Sewer    | Reached XP level 7. HP: 46/46 MP: 5/11
  6130 | Sewer    | Learned a level 3 spell: Tukima's Dance
  6832 | D:6      | Found a bloodstained altar of Trog.
  6836 | D:6      | Reached skill level 8 in Hexes
  7778 | D:5      | Reached skill level 9 in Hexes
  7778 | D:5      | Reached XP level 8. HP: 52/52 MP: 8/14
  7798 | D:5      | Learned a level 5 spell: Summon Mana Viper
  9953 | D:5      | Reached skill level 10 in Hexes
 11203 | D:6      | Reached skill level 5 in Dodging
 11790 | D:6      | Reached skill level 1 in Fighting
 11841 | D:6      | Reached skill level 11 in Hexes
 12096 | D:6      | Reached XP level 9. HP: 59/59 MP: 10/15
 13267 | D:7      | Noticed Joseph
 13975 | D:7      | Reached skill level 5 in Short Blades
 14026 | D:7      | Found a staircase to the Ecumenical Temple.
 14032 | Temple   | Entered the Ecumenical Temple
 14133 | Temple   | Became a worshipper of Dithmenos the Shadowed
 14160 | D:7      | Noticed Menkaure
 14172 | D:7      | Killed Menkaure
 14660 | D:7      | Noticed Pikel
 14678 | D:7      | Killed Pikel
 14678 | D:7      | Reached skill level 12 in Hexes
 14909 | D:8      | Reached skill level 10 in Stealth
 15335 | D:8      | Found a sacrificial altar of Ru.
 15343 | D:8      | Reached * piety under Dithmenos
 15402 | D:8      | Reached XP level 10. HP: 70/70 MP: 16/16
 16598 | D:9      | Found a staircase to the Lair.
 16649 | D:9      | Reached skill level 13 in Hexes
 16652 | D:9      | Reached skill level 1 in Summonings
 17611 | D:9      | Reached skill level 14 in Hexes
 17806 | D:10     | Entered Level 10 of the Dungeon
 17838 | D:10     | Noticed a hill giant
 17840 | D:10     | Killed a hill giant
 17840 | D:10     | Reached ** piety under Dithmenos
 17840 | D:10     | Reached XP level 11. HP: 78/78 MP: 17/17
 17864 | D:10     | Reached skill level 5 in Fighting
 18151 | D:10     | Noticed an unseen horror
 18153 | D:10     | Killed an unseen horror
 18486 | D:10     | Noticed Quirk's ghost (journeyman MiFi)
 18505 | D:10     | Killed Quirk's ghost
 18505 | D:10     | Reached skill level 15 in Hexes
 19539 | D:10     | Found a staircase to the Orcish Mines.
 19820 | D:11     | Found Oshry's Gadget Emporium.
 19909 | D:11     | Reached *** piety under Dithmenos
 20322 | D:11     | Found Lics's Antique Armour Shop.
 20395 | D:12     | Noticed a cyan ugly thing
 20410 | D:12     | Killed a cyan ugly thing
 20423 | D:12     | Noticed a purple ugly thing
 20430 | D:12     | Killed a purple ugly thing
 20430 | D:12     | Reached skill level 16 in Hexes
 20438 | D:12     | Noticed Psyche
 20489 | D:12     | Killed Psyche
 20659 | D:12     | Noticed a cyan ugly thing
 20660 | D:12     | Found a frozen archway.
 20661 | D:12     | Killed a cyan ugly thing
 20717 | IceCv    | Entered an ice cave
 21261 | IceCv    | Reached XP level 12. HP: 61/89 MP: 18/18
 21948 | IceCv    | Got a transparent plate armour
 21979 | IceCv    | Identified the +3 plate armour "Paisk" {-Cast rC+ Int+2 Dex+2} (You found it in an ice cave)
 23609 | D:12     | Reached **** piety under Dithmenos
 23994 | D:12     | Reached skill level 17 in Hexes
 24152 | Lair:1   | Entered Level 1 of the Lair of Beasts
 24379 | Lair:1   | Noticed a six-headed hydra
 24382 | Lair:1   | Killed a six-headed hydra
 25400 | Lair:1   | Reached skill level 10 in Dodging
 25984 | Lair:2   | Got an encrusted flail
 26661 | Lair:3   | Found a staircase to the Snake Pit.
 26759 | Lair:3   | Found a shimmering altar of Xom.
 26785 | Lair:3   | Found a labyrinth entrance.
 26801 | Lab      | Entered a labyrinth
 27209 | Lab      | Noticed a minotaur
 27217 | Lab      | Killed a minotaur
 27217 | Lab      | Reached skill level 18 in Hexes
 27223 | Lab      | Got a faintly glowing brass ring
 27227 | Lab      | Identified the ring of Siumnaf {+Fly rC++ Int+2} (You took it off a minotaur in a labyrinth)
 27230 | Lab      | Identified the Collected Works on Virous Stones
 27448 | Lair:3   | Reached XP level 13. HP: 98/98 MP: 4/19
 28279 | Lair:4   | Identified the +6 flail of Sharkskin {speed, +Rage} (You found it on level 2 of the Lair of Beasts)
 29554 | Lair:5   | Noticed Kirke
 29562 | Lair:5   | Reached skill level 5 in Armour
 29604 | Lair:5   | Noticed a sphinx
 30329 | Lair:5   | Killed Kirke
 30401 | Lair:5   | Reached skill level 19 in Hexes
 30967 | Lair:5   | Found a staircase to the Swamp.
 31094 | Lair:6   | Noticed Josephine
 31098 | Lair:6   | Killed Josephine
 31098 | Lair:6   | Reached skill level 1 in Evocations
 31506 | Lair:6   | Found a staircase to the Slime Pits.
 31506 | Lair:6   | Found a viscous altar of Jiyva.
 31665 | Lair:6   | Noticed Sigmund
 31669 | Lair:6   | Killed Sigmund
 32490 | Lair:7   | Reached ***** piety under Dithmenos
 32525 | Lair:7   | Noticed Rupert
 32557 | Lair:7   | Reached XP level 14. HP: 104/108 MP: 4/20
 32598 | Lair:7   | Killed Rupert
 34704 | Lair:7   | Reached skill level 1 in Shields
 34892 | Lair:8   | Entered Level 8 of the Lair of Beasts
 35101 | Lair:8   | Got a smoking leather armour
 35112 | Lair:8   | Identified the +2 leather armour of the Turtledove {rC+ MP+9} (You found it on level 8 of the Lair of Beasts)
 35316 | Lair:7   | Reached skill level 10 in Fighting
 36220 | Lair:8   | Found a runed door.
 36916 | Lair:7   | Reached skill level 5 in Shields
 39336 | Orc:1    | Entered Level 1 of the Orcish Mines
 39370 | Orc:1    | Reached XP level 15. HP: 98/117 MP: 4/21
 39563 | Orc:1    | Noticed Snorg
 39573 | Orc:1    | Killed Snorg
 39601 | Orc:1    | Found a roughly hewn altar of Beogh.
 39757 | Orc:2    | Entered Level 2 of the Orcish Mines
 40257 | Orc:2    | Reached ****** piety under Dithmenos
 40664 | Orc:2    | Noticed an orc warlord
 41133 | Orc:1    | Paralysed by an orc sorcerer for 5 turns
 41147 | Orc:1    | Reached skill level 5 in Ice Magic
 41207 | Orc:1    | Killed an orc warlord
 41978 | Orc:1    | Paralysed by an orc sorcerer for 3 turns
 42158 | Orc:2    | Paralysed by an orc sorcerer for 6 turns
 43629 | Orc:2    | Found Kiuheag's Antique Armour Emporium.
 43724 | Orc:2    | Found Miuprez's General Store.
 43724 | Orc:2    | Found Gaivafay's Book Shoppe.
 43808 | Orc:2    | Found Hazutokk's Antique Weapon Emporium.
 43814 | Orc:2    | Bought a pair of boots for 135 gold pieces
 43814 | Orc:2    | Bought an embroidered cloak for 135 gold pieces
 43814 | Orc:2    | Bought a glowing cloak for 135 gold pieces
 44311 | Orc:2    | Found a staircase to the Elven Halls.
 44423 | Orc:2    | Found a shimmering altar of Xom.
 45520 | Swamp:1  | Entered Level 1 of the Swamp
 45875 | Swamp:1  | Noticed a thorn hunter
 46739 | Swamp:1  | Killed a thorn hunter
 48146 | Swamp:2  | You fall through a shaft!
 48927 | Swamp:3  | Noticed a thorn hunter
 48948 | Swamp:3  | Killed a thorn hunter
 49743 | Swamp:4  | Entered Level 4 of the Swamp
 49749 | Swamp:4  | Noticed a thorn hunter
 49935 | Swamp:4  | Killed a thorn hunter
 50490 | Swamp:4  | Noticed a thorn hunter
 50910 | Swamp:3  | Reached XP level 16. HP: 127/127 MP: 19/22
 51074 | Swamp:4  | Killed a thorn hunter
 51607 | Swamp:4  | Noticed Nikola
 52475 | Swamp:3  | Noticed a thorn hunter
 52978 | Swamp:2  | Reached skill level 5 in Summonings
 53051 | Swamp:2  | Killed a thorn hunter
 53134 | Swamp:2  | Reached skill level 20 in Hexes
 54349 | Swamp:4  | Killed Nikola
 54529 | Swamp:4  | Identified a scroll of acquirement
 55510 | Swamp:4  | Noticed the 27-headed Lernaean hydra
 56430 | Swamp:4  | Got a decaying rune of Zot
 56898 | Elf:1    | Entered Level 1 of the Elven Halls
 58465 | Elf:1    | Reached skill level 15 in Dodging
 58627 | Elf:1    | Noticed Agnes
 58638 | Elf:1    | Killed Agnes
 61953 | Elf:1    | HP: 4/129 [deep elf knight/orb of energy (18)]
 63328 | Elf:1    | Reached XP level 17. HP: 135/135 MP: 20/23
 63845 | Elf:1    | Found Ynleq's Book Emporium.
 66163 | Elf:2    | Reached skill level 21 in Hexes
 66214 | Elf:2    | Found Hinaez Jauge's Antique Armour Shoppe.
 66243 | Elf:2    | Found a runed gate.
 66243 | Elf:2    | Found a runed gate.
 66243 | Elf:2    | Found a runed gate.
 67021 | Elf:2    | Found a roughly hewn altar of Beogh.
 67355 | Elf:2    | Reached skill level 15 in Stealth
 68963 | Elf:3    | Entered Level 3 of the Elven Halls
 71772 | Elf:2    | Slain by a dire flail of holy wrath

Skill      XL: |  1  2  3  4  5  6  7  8  9 10 11 12 13 14 15 16 17 |
---------------+----------------------------------------------------+-----
Hexes          | 5 6 7 9 11 12 14 16 18 19 20 21 | 21.0
Armour         | 1 2 4 5 6 7 |  7.9
Short Blades   | 2 3 4 5 6 7 9 |  9.0
Dodging        | 3 4 5 6 7 9 10 11 13 14 15 | 15.9
Stealth        | 5 6 7 8 10 11 12 14 15 | 15.7
Ice Magic      | 1 2 4 7 |  7.0
Spellcasting   | 3 4 |  4.0
Fighting       | 1 3 4 6 7 9 10 11 12 13 | 13.3
Summonings     | 2 4 5 |  5.0
Evocations     | 3 4 |  4.0
Shields        | 5 |  5.0

Action                   |  1- 3 |  4- 6 |  7- 9 | 10-12 | 13-15 | 16-18 || total
-------------------------+-------+-------+-------+-------+-------+-------++-------
Melee: Dagger            |   115 |    96 |   407 |   481 |  1366 |   162 ||  2627
       Bite              |     7 |     6 |    30 |    49 |   130 |   115 ||   337
       Rapier            |       |       |       |       |       |   813 ||   813
 Cast: Ensorcelled Hiber |    24 |    27 |   147 |   172 |   497 |   100 ||   967
       Corona            |     2 |       |       |     1 |     6 |    19 ||    28
       Confuse           |     1 |     7 |    33 |    65 |   106 |   168 ||   380
       Tukima's Dance    |       |       |    17 |    22 |    21 |    72 ||   132
       Summon Mana Viper |       |       |       |    22 |    18 |    65 ||   105
Invok: Shadow Step       |       |       |       |     3 |    13 |     4 ||    20
 Abil: End Transformatio |       |     1 |     1 |       |     7 |     9 ||    18
       Bat Form          |       |     1 |     1 |       |     7 |     9 ||    18
Evoke: Wand              |       |       |       |     7 |     7 |     7 ||    21
  Use: Scroll            |       |    14 |       |    16 |    14 |    17 ||    61
       Potion            |       |     4 |     6 |     7 |    14 |    44 ||    75
 Stab: Sleeping          |    28 |    17 |   112 |   174 |   407 |    62 ||   800
       Confused          |       |     4 |    17 |    28 |    64 |    74 ||   187
       Distracted        |       |     1 |     6 |     4 |    12 |    13 ||    36
Armor: Ring mail         |    45 |       |       |       |       |       ||    45
       Skin              |       |     4 |       |       |       |       ||     4
       Leather armour    |       |    36 |   104 |    81 |   198 |       ||   419
       Robe              |       |       |       |    10 |       |       ||    10
       Fire dragon armou |       |       |       |       |   259 |   549 ||   808
Dodge: Dodged            |    62 |    64 |   342 |   328 |  1250 |   787 ||  2833
Block: Buckler           |       |       |       |       |       |   176 ||   176
